 Dungeon Crawl Stone Soup version 0.10.4 character file.

275 Angani the Ducker (level 4, -3/28 HPs)
             Began as a Kobold Berserker on Jan 22, 2017.
             Was a Believer of Trog.
             Slain by a worm (7 damage)
             ... on Level 3 of the Dungeon.
             The game lasted 00:06:00 (2972 turns).

Angani the Ducker (Kobold Berserker)                Turns: 2972, Time: 00:06:00

HP  -3/28        AC  6     Str 16      XL: 4   Next: 75%
MP   3/3         EV 12     Int  5      God: Trog [**....]
Gold 190         SH  0     Dex 15      Spells:  0 memorised,  3 levels left

Res.Fire  : + . .   See Invis. : .   o - +0 dagger
Res.Cold  : . . .   Warding    : . . l - +1 ring mail
Life Prot.: . . .   Conserve   : .   (no shield)
Res.Acid. : . . .   Res.Corr.  : .   (no helmet)
Res.Poison: .       Clarity    : .   (no cloak)
Res.Elec. : .       Spirit.Shd : .   (no gloves)
Sust.Abil.: . .     Stasis     : .   (no boots)
Res.Mut.  : .       Ctrl.Telep.: .   (no amulet)
Res.Rott. : .       Levitation : .   (no ring)
Saprovore : + + .   Ctrl.Flight: .   d - ring of protection from fire {unknown}

@: slightly resistant to hostile enchantments, very unstealthy
A: disease resistance, carnivore 3, saprovore 2
a: Burn Spellbooks, Berserk, Trog's Hand, Renounce Religion


You were on level 3 of the Dungeon.
You worshipped Trog.
Trog was most pleased with you.
You were not hungry.

You visited 1 branch of the dungeon, and saw 3 of its levels.

You collected 170 gold pieces.

Inventory:

Hand weapons
 o - a +0,+0 dagger (weapon)
Armour
 l - a +1 ring mail (worn)
Comestibles
 c - 4 meat rations
Scrolls
 a - a scroll of amnesia {unknown}
 b - a scroll of enchant armour {unknown}
 e - 3 scrolls of remove curse {unknown}
 f - a scroll of teleportation {unknown}
 g - a scroll of curse armour {unknown}
 h - a scroll of fear {unknown}
 i - a scroll of detect curse {unknown}
 j - a scroll of identify {unknown}
 n - 4 scrolls of curse jewellery {unknown}
Jewellery
 d - a ring of protection from fire (left hand) {unknown}
Potions
 k - a potion of heal wounds {unknown}
 m - a potion of magic {unknown}
 p - a potion of brilliance {unknown}


   Skills:
 - Level 3.2 Fighting
 + Level 4.3 Short Blades
 - Level 3.0 Maces & Flails
 - Level 1.5 Armour
 - Level 5.0 Dodging


You had 3 spell levels left.
You didn't know any spells.

Dungeon Overview and Level Annotations

Branches:
Dungeon (3/27)

Altars:
Vehumet


Innate Abilities, Weirdness & Mutations

You recuperate from illness quickly.
You are small and have problems with some larger weapons.
You are carnivorous and can eat meat at any time.
You can eat rotten meat.


Message History

You hit the worm but do no damage.
The worm is lightly wounded.
The worm bites you but does no damage.
You barely miss the worm.
The worm is lightly wounded.
You hit the worm but do no damage.
The worm is lightly wounded.
The worm bites you.
* * * LOW HITPOINT WARNING * * *
You hit the worm.
The worm is moderately wounded.
You hit the worm.
The worm is moderately wounded.
The worm barely misses you.
You hit the worm but do no damage.
The worm is moderately wounded.
You completely miss the worm.
The worm is moderately wounded.
The worm bites you!
You die...

.................#
.#....#######....####.#
.#..### #.........# #..
#...####### #..
#.........# #..
#..#####.## #. #..#
###.# #..##w...#
#...@.# #.##### #. ##


You could see a worm.

Vanquished Creatures
  A scorpion (D:2)
  An adder (D:2)
  A giant gecko (D:3)
  An ooze (D:1)
  3 ball pythons (D:2)
  6 bats
  4 giant cockroaches (D:2)
  6 goblins
  5 hobgoblins
  5 giant newts
  10 kobolds
  4 rats
  A plant (D:1)
  A toadstool (D:2)
49 creatures vanquished.

Vanquished Creatures (others)
  A giant gecko (D:2)
  A goblin (D:1)
  2 toadstools
4 creatures vanquished.

Grand Total: 53 creatures vanquished

Notes
Turn   | Place    | Note
--------------------------------------------------------------
     0 | D:1      | Angani, the Kobold Berserker, began the quest for the Orb.
     0 | D:1      | Reached XP level 1. HP: 14/14 MP: 0/0
   161 | D:1      | Reached XP level 2. HP: 16/19 MP: 1/1
  1003 | D:1      | Reached skill level 4 in Dodging
  1295 | D:2      | Reached XP level 3. HP: 17/24 MP: 2/2
  1463 | D:2      | Reached skill level 5 in Dodging
  1551 | D:2      | Reached skill level 1 in Short Blades
  2010 | D:2      | Acquired Trog's second power
  2042 | D:2      | Reached XP level 4. HP: 28/28 MP: 3/3
  2055 | D:2      | Found a radiant altar of Vehumet.
  2972 | D:3      | Slain by a worm
